 Dungeon Crawl Stone Soup version 0.22-a0-618-gd6a3efe (webtiles) character file.

6085 sking99 the Grappler (level 10, 0/104 HPs)
             Began as an Ogre Transmuter on July 13, 2018.
             Was an Initiate of Ru.
             Impaled on a porcupine's spines (10 damage)
             ... on level 9 of the Dungeon.
             The game lasted 00:26:00 (11161 turns).

sking99 the Grappler (Ogre Transmuter)             Turns: 11161, Time: 00:26:01

Health: 0/104      AC:  2    Str: 16    XL:     10   Next: 88%
Magic:  12/14      EV: 24    Int: 14    God:    Ru [......]
Gold:   468        SH:  0    Dex: 17    Spells: 5/14 levels left

rFire    . . .     SeeInvis .     - Unarmed
rCold    + . .     Gourm    .   (shield currently unavailable)
rNeg     + . .     Faith    .   (armour currently unavailable)
rPois    x         Spirit   .   (helmet currently unavailable)
rElec    .         Reflect  .   (cloak currently unavailable)
rCorr    .         Harm     .   (gloves unavailable)
MR       +....                  (boots unavailable)
Stlth    ++........             n - amulet of regeneration
HPRegen  0.67/turn              i - ring of protection from cold
MPRegen  0.14/turn              r - ring of positive energy

@: spider-form (expiring)
A: tiny, unfitting armour
a: End Transformation, Renounce Religion


You were on level 9 of the Dungeon.
You worshipped Ru.
Ru was noncommittal.
You were not hungry.
You were a venomous arachnid creature.
You visited 1 branch of the dungeon, and saw 9 of its levels.
You also visited: Ossuary.

You collected 468 gold pieces.

Inventory:

Missiles
 a - 189 arrows
Armour
 b - a +1 robe (melded)
 c - a scarf of repulsion (melded)
Jewellery
 i - a ring of protection from cold (left front leg)
 n - an amulet of regeneration (around neck)
 r - a ring of positive energy (right front leg)
Wands
 e - a wand of flame (13)
Scrolls
 f - 2 scrolls of fog
 l - 2 scrolls of magic mapping
 o - 5 scrolls of teleportation
 p - 2 scrolls of fear
 q - 4 scrolls of remove curse
 x - a scroll of enchant weapon
 y - 2 scrolls of identify
Potions
 g - a potion of invisibility
 j - 4 potions of curing
 k - a potion of agility
 m - 2 potions of mutation {unknown}
 s - a potion of berserk rage
 t - 2 potions of heal wounds
 u - a potion of lignification {unknown}
 v - 2 potions of ambrosia
 w - a potion of flight
Comestibles
 d - 4 rations
 h - 27 chunks of flesh


   Skills:
 - Level 8.1 Fighting
 + Level 5.7 Dodging
 * Level 11.4 Unarmed Combat
 + Level 2.8 Spellcasting
 + Level 5.1 Transmutations
 + Level 0.9 Ice Magic
 - Level 1.0 Poison Magic


You had 5 spell levels left.
You knew the following spells:

 Your Spells              Type           Power        Failure   Level  Hunger
a - Ice Form              Ice/Tmut       ##......     73%         4    #####..
b - Sticks to Snakes      Tmut           ###.....     13%         2    ###....
c - Spider Form           Tmut/Pois      ##........   38%         3    ###....

Your spell library contained the following spells:

 Spells                   Type           Power        Failure   Level  Hunger
 Cause Fear               Hex            #.........   98%         4    #####..
 Slow                     Hex            #.......     54%         2    ###....
 Blade Hands              Tmut           ###.......   78%         5    ######.
 Corona                   Hex            #......      43%         1    #......
 Portal Projectile        Hex/Tloc       #.....       75%         3    ###....
 Leda's Liquefaction      Hex/Erth       #.........   98%         4    #####..
 Inner Flame              Hex/Fire       #.......     75%         3    ###....
 Beastly Appendage        Tmut           ###...       10%         1    #......


Dungeon Overview and Level Annotations

Branches:
Dungeon (9/15)             Temple (0/1) D:7            Lair (0/6) D:9
    Orc: D:9-12

Altars:
Cheibriados
Dithmenos
Fedhas
Okawaru
Ru
Trog
Vehumet
Wu Jian

Shops:
D:5 (


Innate Abilities, Weirdness & Mutations

You are too large for most types of armour.
((You have tough skin. (AC +1)))


Message History

Your transformation is almost over.
The yak misses you.
You hit the yak but do no damage.
The yak is severely wounded.
The yak completely misses you.
You bite the yak!
You kill the yak!
You are struck by the porcupine's spines.
You closely miss the porcupine. The porcupine misses you.
You are struck by the porcupine's spines.
* * * LOW HITPOINT WARNING * * *
You closely miss the porcupine. The porcupine bites you!
* * * LOW HITPOINT WARNING * * *
You are struck by the porcupine's spines.
* * * LOW HITPOINT WARNING * * *
You bite the porcupine!
The porcupine is poisoned.
The porcupine is heavily wounded.
The porcupine closely misses you.
You are struck by the porcupine's spines.
You die...

#.## ..P♣.P.. #######..###
.P♣.P.. ...........# #...♣..
...........# ####+#####......
....>......# #..........♣....
...........####...........♣..P
.......>.....##............#.t
.......)<..#.##).............#
############.sr)...........###
####............#
#............# ###+##########


You could see a porcupine.

Vanquished Creatures
  A two-headed ogre (D:8)
  A wyvern (D:8)
  13 yaks
  A hungry ghost (D:8)
  Menkaure (D:6)
  An orc warrior (D:7)
  A black bear (D:8)
  A necrophage (D:5)
  A phantom (D:9)
  6 centaurs
  5 crocodiles
  The ghost of anything the Vandal, an amateur OpHu (D:3)
  3 bullfrogs
  A water moccasin zombie (Ossuary)
  A water moccasin skeleton (D:8)
  3 scorpions
  5 wights
  A crimson imp (D:5)
  3 centaur zombies
  2 jellies (D:7)
  8 hounds
  2 centaur skeletons
  5 orc priests
  4 orc wizards
  A bullfrog skeleton (D:6)
  3 worker ants
  2 big kobold zombies (Ossuary)
  2 mummies (Ossuary)
  A hound skeleton (D:5)
  A gnoll (D:1)
  16 adders
  2 shadow imps
  5 adder zombies
  An adder skeleton (D:5)
  2 dart slugs
  5 leopard geckos
  20 orcs
  9 bats
  3 giant cockroaches
  6 gnoll zombies (Ossuary)
  7 goblins
  8 hobgoblins
  15 jackals
  2 quokkas
  A ball python (D:1)
  6 frilled lizards
  6 hobgoblin zombies (Ossuary)
  13 kobolds
  4 kobold zombies (Ossuary)
  An orc zombie (Ossuary)
  15 rats
228 creatures vanquished.

Vanquished Creatures (others)
  2 fungi (D:9)
  A plant (D:9)
3 creatures vanquished.

Grand Total: 231 creatures vanquished

Notes
Turn   | Place    | Note
-------+----------+-------------------------------------------
     0 | D:1      | sking99 the Ogre Transmuter began the quest for the Orb.
     0 | D:1      | Reached XP level 1. HP: 19/19 MP: 3/3
   204 | D:1      | Reached skill level 3 in Unarmed Combat
   204 | D:1      | Reached XP level 2. HP: 20/28 MP: 5/5
   750 | D:1      | Learned a level 2 spell: Sticks to Snakes
   833 | D:1      | Reached XP level 3. HP: 30/36 MP: 6/6
   962 | D:1      | Learned a level 3 spell: Spider Form
  1533 | D:1      | HP: 1/36 [gnoll/spear (2)]
  2216 | D:2      | Reached XP level 4. HP: 38/44 MP: 1/7
  2480 | D:2      | Reached skill level 1 in Poison Magic
  2541 | D:2      | Reached skill level 4 in Unarmed Combat
  2590 | D:2      | Reached XP level 5. HP: 52/53 MP: 3/8
  2670 | D:2      | Found a faded altar of an unknown god.
  3714 | D:3      | Found a shadowy altar of Dithmenos.
  4012 | D:3      | Found a runed gate.
  4012 | D:3      | Found a runed gate.
  4013 | D:3      | Found a runed gate.
  4015 | D:3      | Noticed anything's ghost (amateur OpHu)
  4052 | D:3      | Killed anything's ghost
  4052 | D:3      | Reached skill level 5 in Unarmed Combat
  4052 | D:3      | Reached XP level 6. HP: 37/61 MP: 4/9
  4352 | D:4      | Reached XP level 7. HP: 26/67 MP: 5/10
  4643 | D:4      | Found a sacrificial altar of Ru.
  4646 | D:4      | Became a worshipper of Ru the Awakened
  5290 | D:5      | Entered Level 5 of the Dungeon
  5360 | D:5      | Reached skill level 6 in Unarmed Combat
  5362 | D:5      | Found an iron altar of Okawaru.
  5730 | D:5      | Found a sand-covered staircase.
  5802 | Ossuary  | Entered an ossuary
  6785 | D:5      | Found Qaukhlimm's Weapon Emporium.
  6814 | D:5      | Reached XP level 8. HP: 70/75 MP: 7/11
  6974 | D:5      | Reached skill level 7 in Unarmed Combat
  7168 | D:5      | Found an ornate altar of the Wu Jian Council.
  7169 | D:5      | Found a bloodstained altar of Trog.
  7256 | D:5      | Reached skill level 5 in Transmutations
  7552 | D:6      | Reached skill level 8 in Unarmed Combat
  7885 | D:6      | HP: 3/75 [wight/hand axe of chopping (1)]
  8370 | D:6      | Noticed a yak
  8371 | D:6      | Noticed a yak
  8371 | D:6      | Noticed a yak
  8690 | D:7      | Reached XP level 9. HP: 30/84 MP: 5/12
  8718 | D:7      | Reached skill level 9 in Unarmed Combat
  8881 | D:7      | Found a staircase to the Ecumenical Temple.
  8915 | D:7      | Found a radiant altar of Vehumet.
  9486 | D:6      | Reached skill level 5 in Fighting
  9604 | D:6      | Noticed Menkaure
  9623 | D:6      | Killed Menkaure
  9949 | D:8      | Learned a level 4 spell: Ice Form
 10189 | D:8      | Found a snail-covered altar of Cheibriados.
 10189 | D:8      | Found an iron altar of Okawaru.
 10204 | D:8      | Reached skill level 10 in Unarmed Combat
 10261 | D:8      | Noticed a two-headed ogre
 10473 | D:8      | Killed a two-headed ogre
 10473 | D:8      | Reached XP level 10. HP: 53/102 MP: 10/13
 10608 | D:8      | Found a blossoming altar of Fedhas.
 10947 | D:9      | Reached skill level 5 in Dodging
 10975 | D:9      | Reached skill level 11 in Unarmed Combat
 11125 | D:9      | Found a staircase to the Lair.
 11161 | D:9      | Impaled on a porcupine's spines

Vault maps used:
D:1:      tarquinn_simple_flora_water_c, roderic_cross_of_infinity
D:2:      chequers_ecumenical_altar_island
D:3:      grunt_dithmenos_smoke, gammafunk_ghost_necromancy
D:4:      kennysheep_mini_moat, first_ration, wad_floor_pattern_untrapped,
          roderic_lattice_a, minmay_door_square
D:5:      nicolae_overflow_hidden_temple, serial_shops, shop_fountains,
          chequers_ossuary_entry_cave, kennysheep_okawaru_gauntlet
D:6:      uniq_menkaure
D:7:      kennysheep_little_box, minmay_temple_entry_fiery
D:8:      gammafunk_temple_overflow_wave, fedhas_bush_and_centaur_altar
D:9:      minmay_lair_entry_grove, erik_orc_1, blue_anna_alchemist
Ossuary:  ossuary_tomb_2

Skill      XL: |  1  2  3  4  5  6  7  8  9 10 |
---------------+-------------------------------+-----
Unarmed Combat | 3 4 5 6 8 10 11 | 11.4
Fighting       | 2 3 7 8 |  8.1
Transmutations | 2 3 4 5 |  5.1
Poison Magic   | 1 |  1.0
Dodging        | 2 4 5 |  5.7
Spellcasting   | |  2.8
Ice Magic      | |  0.9

Action                   |  1- 3 |  4- 6 |  7- 9 | 10-12 || total
-------------------------+-------+-------+-------+-------++-------
Melee: Unarmed           |   164 |   159 |   417 |   122 ||   862
       Headbutt          |     5 |       |       |       ||     5
       Punch             |     4 |       |     5 |     3 ||    12
       Kick              |     2 |       |       |       ||     2
 Cast: Beastly Appendage |     8 |       |       |       ||     8
       Sticks to Snakes  |     3 |       |     3 |       ||     6
       Spider Form       |       |    28 |    42 |     9 ||    79
Invok: Reject Sacrifices |       |       |     1 |       ||     1
  Use: Scroll            |     1 |       |    22 |     1 ||    24
       Potion            |       |       |     5 |       ||     5
 Stab: Sleeping          |     1 |       |     1 |       ||     2
  Eat: Chunk             |     4 |    10 |    11 |     4 ||    29
       Ration            |       |       |     5 |       ||     5
Armor: Robe              |    59 |    11 |    38 |     1 ||   109
       Skin              |       |    12 |     8 |     3 ||    23
Dodge: Dodged            |    88 |   104 |   314 |    78 ||   584
       Deflected         |       |       |     2 |       ||     2

Table legend:
 A = Spawn XP
 B = Non-spawn XP
 C = Spawn XP percentage of total XP
 D = Spawn monster count
 E = Non-spawn monster count
 F = Spawn count percentage of total count
 G = Total turns spent on level
                    A         B        C        D         E        F      G
               +---------+---------+-------+---------+---------+-------+---------
         Total |       0 |    8693 |   0.0 |       0 |     228 |   0.0 | 11161
               +---------+---------+-------+---------+---------+-------+---------
           D:1 |       0 |      74 |   0.0 |       0 |      38 |   0.0 |  2003
           D:2 |       0 |     135 |   0.0 |       0 |      27 |   0.0 |  1139
           D:3 |       0 |     296 |   0.0 |       0 |      25 |   0.0 |  1216
           D:4 |       0 |     221 |   0.0 |       0 |      11 |   0.0 |   932
           D:5 |       0 |     685 |   0.0 |       0 |      19 |   0.0 |  2078
           D:6 |       0 |    1363 |   0.0 |       0 |      23 |   0.0 |   717
           D:7 |       0 |     729 |   0.0 |       0 |      18 |   0.0 |  1197
           D:8 |       0 |    2128 |   0.0 |       0 |      20 |   0.0 |   830
           D:9 |       0 |    2849 |   0.0 |       0 |      21 |   0.0 |   311
       Ossuary |       0 |     213 |   0.0 |       0 |      26 |   0.0 |   738
               +---------+---------+-------+---------+---------+-------+---------
